 Dungeon Crawl Stone Soup version 0.29.1-14-g9c671dbff4 (webtiles) character file.

Game seed: 8094490966658700327

28 promet the Firebug (level 3, -2/26 HPs)
             Began as a Draconian Fire Elementalist on Feb 15, 2023.
             Slain by a polar bear (5 damage)
             ... created by the rage of Trog
             ... on level 1 of the Dungeon.
             The game lasted 00:06:17 (1354 turns).

promet the Firebug (Draconian Fire Elementalist)    Turns: 1354, Time: 00:06:20

Health: -2/26      AC:  5    Str:  9 (10) XL:     3   Next: 0%
Magic:  5/6        EV: 12    Int: 17      God:
Gold:   7          SH:  0    Dex: 11      Spells: 3/6 levels left

rFire   . . .      SeeInvis .   a - +0 long sword
rCold   . . .      Faith    .   (no shield)
rNeg    . . .      Spirit   .   (body armour unavailable)
rPois   .          Reflect  .   (helmet restricted)
rElec   .          Harm     .   (no cloak)
rCorr   .          Rampage  .   (no gloves)
Will    .....                   (no boots)
Stlth   ++........              (no amulet)
HPRegen 0.08/turn               (no ring)
MPRegen 0.10/turn               (no ring)

@: brilliant
A: AC +5, unfitting armour, cold-blooded
a: no special abilities


You were on level 1 of the Dungeon.
You visited 1 branch of the dungeon, and saw 1 of its levels.

You collected 7 gold pieces.

Inventory:

Hand Weapons
 a - a +0 long sword (weapon)
Potions
 b - a potion of brilliance
 c - a potion of lignification {unknown}
 e - 2 potions of berserk rage {unknown}
 f - a potion of attraction {unknown}
 g - a potion of haste {unknown}
 h - a potion of heal wounds {unknown}


   Skills:
 + Level 0.2 Fighting
 + Level 1.2 Long Blades
 + Level 1.9 Dodging
 + Level 2.0 Stealth
 - Level 2.1 Spellcasting
 - Level 1.0 Conjurations
 - Level 3.4 Fire Magic


You had 3 spell levels left.
You knew the following spells:

 Your Spells              Type           Power      Damage    Failure   Level
a - Foxfire               Conj/Fire      56%        2x1d6     8%          1
b - Scorch                Fire           40%        2d7       7%          2

Your spell library contained the following spells:

 Spells                   Type           Power      Damage    Failure   Level
 Conjure Flame            Conj/Fire      14%        6-21      22%         3
 Sublimation of Blood     Necr           2%         N/A       28%         2
 Wereblood                Tmut           2%         N/A       28%         2
 Inner Flame              Hex/Fire       11%        N/A       28%         3
 Flame Wave               Conj/Fire      14%        2d6       58%         4
 Summon Hydra             Summ           1%         N/A       100%        7


Dungeon Overview and Level Annotations

Branches:
Dungeon (1/15)

Altars:
Trog


Innate Abilities, Weirdness & Mutations

Your plain brown scales are hard. (AC +5)
You cannot fit into any form of body armour.
You are cold-blooded and may be slowed by cold attacks.


Message History

The jackal bites you. x2
You closely miss the jackal.
Your tail-slap misses the jackal.
The jackal is moderately wounded.
The jackal bites you.
You miss the jackal.
The jackal is moderately wounded.
The jackal barely misses you. x2
You hit the jackal.
The jackal is severely wounded.
The jackal bites you.
* * * LOW HITPOINT WARNING * * *
The jackal bites you but does no damage.
Magic courses through your body.
The jackal bites you but does no damage.
Casting: Scorch (safe; 8% risk of failure)
Confirm with . or Enter, or press ? or * to list all spells.
Flames lash the jackal.
You kill the jackal!
You have reached level 3!
Your experience leads to an increase in your attributes!
Your base attributes are Str 10, Int 15, Dex 11.
Increase (S)trength, (I)ntelligence, or (D)exterity?
You feel clever. x2; Your scales feel tougher.
You start resting.
Trog sends monsters to punish you. 2 black bears and 2 polar bears come into view.
As you read the scroll labelled FEREEJEROI, it crumbles to dust.
You hear the tinkle of a tiny bell.
It was a scroll of butterflies.
You swap places.
Something bites your butterfly!
Your butterfly dies!
Your butterfly disappears in a burst of colours!
You aren't carrying any scrolls.
It was a potion of brilliance.
You feel clever all of a sudden.
The black bear bites you but does no damage.
The black bear claws you.
* * * LOW HITPOINT WARNING * * *
The black bear claws you but does no damage.
The polar bear barely misses you. The polar bear claws you.
You die...

# ##############... #.# #.
#..........# #... #.###. ##.##
#.########.# #...
#.....##...####.# #.# ##..
#.##.........##[# #.# #..
#.##.# #...#.##.## #.# #.#
#.##.# #.##.#.#.##### #.# #.#
#.##.# #...hh###....# #.# #.#
#.##.####..#h#@#.###.###.# #.#
#...........#h#..........####.#
####.......###.#####.#####..).#
######.## ##b..##...........
##.###.##............##
##.#.################ ##†## ###


You could see a polar bear (berserk) and 2 black bears.

Vanquished Creatures
  A dart slug (D:1)
  2 endoplasms (D:1)
  4 giant cockroaches (D:1)
  2 goblins (D:1)
  A hobgoblin (D:1)
  3 jackals (D:1)
  2 quokkas (D:1)
  3 ball pythons (D:1)
  2 bats (D:1)
  A frilled lizard (D:1)
  A rat (D:1)
22 creatures vanquished.

Vanquished Creatures (others)
  27 foxfires (D:1)
27 creatures vanquished.

Grand Total: 49 creatures vanquished

Notes
Turn   | Place    | Note
-------+----------+-------------------------------------------
     0 | D:1      | promet the Draconian Fire Elementalist began the quest for
                  | the Orb.
     0 | D:1      | Reached XP level 1. HP: 14/14 MP: 3/3
   343 | D:1      | Reached XP level 2. HP: 20/20 MP: 0/5
   396 | D:1      | Learned a level 2 spell: Scorch
   651 | D:1      | Found a faded altar of an unknown god.
   658 | D:1      | Prayed at the altar of an unknown god.
   658 | D:1      | Became a worshipper of Trog the Wrathful
   658 | D:1      | Reached * piety under Trog
   829 | D:1      | Fell from the grace of Trog
  1175 | D:1      | Reached skill level 1 in Long Blades
  1333 | D:1      | Reached XP level 3. HP: 6/26 MP: 3/6
  1352 | D:1      | Noticed a black bear
  1352 | D:1      | Noticed a black bear
  1352 | D:1      | Noticed a polar bear
  1352 | D:1      | Noticed a polar bear
  1354 | D:1      | Slain by a polar bear

Illustrated notes

Levels and vault maps discovered:
D:1:      dpeg_arrival_short_road, layout_loops_ring,
          dilly_ecumenical_altar_fadedgnrine

Skill      XL: |  1  2 |
---------------+-------+-----
Stealth        | 2 |  2.0
Long Blades    | 1 |  1.2
Fighting       | |  0.2
Dodging        | |  1.9
Spellcasting   | |  2.1
Conjurations   | |  1.0
Fire Magic     | |  3.4

Action                   || total
-------------------------++-------
Melee: Long sword        ||    42
       Tailslap          ||     6
 Cast: Foxfire           ||    15
       Scorch            ||     3
Invok: Renounce Religion ||     1
  Use: Scroll            ||     2
       Potion            ||     2
 Stab: Sleeping          ||     1
Armor: Skin              ||    27
Dodge: Dodged            ||    43
